 Dungeon Sprint DCSS version 0.19-a0-1049-g462a813 (webtiles) character file.

212193 Kidiri the Slayer (level 19, -7/223 HPs)
             Began as a Naga Fighter on July 31, 2016.
             Was the Champion of Cheibriados.
             Mangled by an Orb Guardian (34 damage)
             ... in the Dungeon (Sprint V: "Ziggurat Sprint").
             The game lasted 00:28:48 (3128 turns).

Kidiri the Slayer (Naga Fighter)                    Turns: 3128, Time: 00:28:49

Health: -7/223     AC: 49    Str: 43    XL:     19   Next: 32%
Magic:  1/32       EV: 26    Int: 27    God:    Cheibriados [******]
Gold:   0          SH: 45    Dex: 42    Spells: 0 memorised, 18 levels left

rFire  + . .     SeeInvis +     R - +13 lance "Wyrmbane" {slay drac, rPois rF+ rC+ AC+3}
rCold  + . .     Gourm    .     o - +15 Maxwell's patent armour {-Cast -Tele rElec MR+ rCorr}
rNeg   + . .     Faith    .     O - +18 shield of the Gong {rElec rN+ MR+ EV-5}
rPois  +         Spirit   .     (helmet unavailable)
rElec  +         Dismiss  .     S - +2 cloak {+Inv}
rCorr  +         Reflect  +     E - +2 pair of gloves {Dex+3}
SustAt .         Harm     .     (no barding)
MR     ++++.     Rnd*Rage +     h - +3 amulet of reflection
Stlth  .......... NoTele   +    D - +6 ring of strength NoCast +
                                y - +6 ring of dexterity

@: very slightly contaminated, very slow, incredibly resistant to hostile
enchantments, extremely unstealthy
A: claws 1, horns 3, stinger 1, large bone plates 1, see invisible, agile 1,
berserk 1, clever 1, deformed body, poison resistance, electricity resistance,
slowness 2, slow metabolism 1, spit poison 2, strong 1, evolution 1, constrict
1, AC +6
a: Spit Poison, Bend Time, Temporal Distortion, Slouch, Step From Time, Renounce
Religion, Evoke Invisibility


You were in the Dungeon.
You worshipped Cheibriados.
Cheibriados was exalted by your worship.
You were not hungry.

You visited 1 branch

Inventory:

Hand Weapons
 R - the +13 lance "Wyrmbane" (weapon) {slay drac, rPois rF+ rC+ AC+3}
   (You found it in the Dungeon)

   It affects your AC (+3).
   It protects you from fire.
   It protects you from cold.
   It protects you from poison.
Armour
 o - the +15 Maxwell's patent armour (worn) {-Cast -Tele rElec MR+ rCorr}
   (You took it off a wight in the Dungeon)

   It insulates you from electricity.
   It affects your resistance to hostile enchantments.
   It prevents spellcasting.
   It prevents most forms of teleportation.
   It protects you from acid and corrosion.
 E - a +2 pair of gloves of dexterity (worn)
 O - the +18 shield of the Gong (worn) {rElec rN+ MR+ EV-5}
   (You found it in the Dungeon)

   It affects your evasion (-5).
   It insulates you from electricity.
   It protects you from negative energy.
   It affects your resistance to hostile enchantments.
 S - a +2 cloak of invisibility (worn)
Jewellery
 b - the ring "Esepeava" {Ice rElec MR+++ Str-3 Stlth+}
   (You found it in the Dungeon)

   [ring of ice]

   It enhances your ice magic, and weakens your fire magic.
   It affects your strength (-3).
   It makes you vulnerable to fire.
   It protects you from cold.
   It insulates you from electricity.
   It affects your resistance to hostile enchantments.
   It makes you more stealthy.
 c - the ring of Isomp {+Blink rElec Int-3 SInv}
   (You found it in the Dungeon)

   [ring of see invisible]

   It affects your intelligence (-3).
   It insulates you from electricity.
   It lets you see invisible.
   It lets you blink.
 h - a +3 amulet of reflection (around neck)
 t - the ring "Luohuaj" {rPois rF+ Int+6 Dex+2 SInv}
   (You found it in the Dungeon)

   [ring of intelligence]

   It affects your intelligence (+6).
   It affects your dexterity (+2).
   It protects you from fire.
   It protects you from poison.
   It lets you see invisible.
 y - a +6 ring of dexterity (left hand)
 A - the ring "Qunuhaly" {rPois rF+ Str+4 Dex+3}
   (You took it off a frost giant in the Dungeon)

   [ring of poison resistance]

   It affects your strength (+4).
   It affects your dexterity (+3).
   It protects you from fire.
   It protects you from poison.
 B - the amulet of Dishonesty {Spirit rPois MR+}
   (You found it in the Dungeon)

   [amulet of guardian spirit]

   It causes incoming damage to be split between your health and magic.
   It protects you from poison.
   It affects your resistance to hostile enchantments.
 C - the amulet of the Air {Inacc +Fly rElec EV+5 RMsl}
   (You found it in the Dungeon)

   [amulet of inaccuracy]

   It reduces the accuracy of all your attacks.
   It affects your evasion (+5).
   It insulates you from electricity.
   It lets you fly.
   It protects you from missiles.
 D - a +6 ring of strength (right hand)
 J - the ring of Lugonu's Displeasure {rF+ rN+ Int+3}
   (You found it in the Dungeon)

   [ring of positive energy]

   It affects your intelligence (+3).
   It protects you from fire.
   It protects you from negative energy.
 L - the ring "Cetregg" {-Tele rElec rPois rC+ Int+4}
   (You found it in the Dungeon)

   [ring of poison resistance]

   It affects your intelligence (+4).
   It protects you from cold.
   It insulates you from electricity.
   It protects you from poison.
   It prevents most forms of teleportation.
 M - the amulet of Lorost {RegenMP +Inv Dex+4}
   (You found it in the Dungeon)

   [amulet of magic regeneration]

   It increases your magic regeneration.
   It affects your dexterity (+4).
   It lets you turn invisible.
 N - the amulet "Gadoal" {+Rage Str+4}
   (You took it off a merfolk impaler in the Dungeon)

   [amulet of rage]

   It affects your strength (+4).
   It lets you go berserk.
 P - the ring "Hiriryf" {Fire rElec rN+ MR-}
   (You found it in the Dungeon)

   [ring of fire]

   It enhances your fire magic, and weakens your ice magic.
   It protects you from fire.
   It makes you vulnerable to cold.
   It insulates you from electricity.
   It protects you from negative energy.
   It affects your resistance to hostile enchantments.
 Q - the cursed ring of Tifad {-Tele rElec rPois rF+++ AC-3}
   (You found it in the Dungeon)

   [ring of protection]

   It affects your AC (-3).
   It renders you almost immune to fire.
   It insulates you from electricity.
   It protects you from poison.
   It prevents most forms of teleportation.
   It has a curse placed upon it.
 U - the ring "Vuegui" {rCorr rC+ rN+ Slay+3}
   (You found it in the Dungeon)

   [ring of resist corrosion]

   It affects your accuracy and damage with ranged weapons and melee attacks
   (+3).
   It protects you from cold.
   It protects you from negative energy.
 V - the ring of the Countless Beds {rF+ rN+ Str+3}
   (You found it in the Dungeon)

   [ring of protection from fire]

   It affects your strength (+3).
   It protects you from fire.
   It protects you from negative energy.
Wands
 F - a wand of disintegration (7/24)
 G - a wand of iceblast (2/15)
 H - a wand of lightning (4/15)
 I - a wand of acid (3/15)
Scrolls
 j - 6 scrolls of enchant armour
 k - 4 scrolls of blinking
 q - 4 scrolls of amnesia
 r - 3 scrolls of recharging
 s - 8 scrolls of fog
 u - 5 scrolls of identify
 v - 4 scrolls of remove curse
 w - 2 scrolls of fear
Potions
 d - 6 potions of might
 e - 10 potions of curing
 g - 8 potions of heal wounds
 i - a potion of magic
 l - 2 potions of brilliance
 m - 2 potions of invisibility
 n - 4 potions of resistance
 p - 6 potions of agility
Comestibles
 a - 11 royal jellies
 f - 5 bread rations
 x - 42 fruits
 z - 2 meat rations


   Skills:
 * Level 25.9 Fighting
 * Level 25.7 Polearms
 * Level 22.5 Armour
 * Level 21.0 Dodging
 * Level 22.5 Shields
 - Level 10.8 Invocations
 + Level 18.5 Evocations


You had 18 spell levels left.
You didn't know any spells.

Dungeon Overview and Level Annotations

Branches:
Dungeon (1/1)

Altars:
Ashenzari
Cheibriados
Dithmenos
Elyvilon
Fedhas
Gozag
Hepliaklqana
Kikubaaqudgha
Makhleb
Nemelex Xobeh
Okawaru
Pakellas
Qazlal
Ru
Sif Muna
Trog
Uskayaw
Vehumet
Xom
Yredelemnul
Zin
The Shining One
Beogh
Jiyva
Lugonu


Innate Abilities, Weirdness & Mutations

You cannot wear boots.
Your serpentine skin is tough. (AC +6)
You have supernaturally acute eyesight. (SInv)
Armour fits poorly on your strangely shaped body.
Your system is resistant to poisons. (rPois)
You cover ground very slowly.
You have a slow metabolism.
You can spit poison.
You can use your snake-like lower body to constrict enemies.
You have sharp fingernails.
You have a pair of large horns on your head.
Your tail ends in a poisonous barb.
You are partially covered in large bone plates. (AC +2, SH +2)
You are agile. (Dex +2)
You tend to lose your temper in combat.
Your mind is acute. (Int +2)
You are resistant to electric shocks. (rElec)
Your muscles are strong. (Str +2)
You evolve.


Message History

You block the golden dragon's attack.
GONNNNG!
The golden dragon completely misses you.
You block the golden dragon's attack.
PTOANNNG!
The ghost moth stares at you.
Unknown command.
You puncture the black draconian!
The black draconian convulses!
You grab the black draconian. You headbutt the black draconian!
The lance glows as it skewers the black draconian.
You kill the black draconian!
Cheibriados thoroughly appreciates the change of pace.
Your Dodging skill increases to level 21!
You block the Orb Guardian's attack.
GONNNNG!
You block the Orb Guardian's attack.
PANG!
You escape the tentacled monstrosity's grasp.
The golden dragon is no longer berserk.
The Orb Guardian hits you!!
You die... .....▓ }=)?)|:))[[:[|)

[||:.▓
})"[|=[[|=[::[|.
)..}.▓
....†...........
)[}..▓
.........†......
.....▓
.......D........
.....▓
.....dDDDy......
.....▓
.....d.XDd......
.....▓
....dDXXdy......
.....▓
.....ddd@.......
.....▓
................
.....▓
................
.....▓
................
▓....▓
..▓.........▓...
▓▓...▓
.▓.▓.......▓.▓..
▓....▓
..▓.........▓...
.....▓
...............
.....▓
...............


You could see a tentacled monstrosity, 2 golden dragons, 2 storm dragons, a
black draconian, 2 draconians, 2 draconians, 2 draconians, a white draconian, a
fire dragon (berserk), an ice dragon, 2 Orb Guardians, a ghost moth (invisible)
and a moth of wrath.

Vanquished Creatures
  An ancient lich (D)
  An orb of fire (D)
  2 pandemonium lords (D)
  Saint Roka (D)
  A golden dragon (D)
  4 tentacled monstrosities (D)
  A lich (D)
  17 Orb Guardians (D)
  2 titans (D)
  3 acid blobs (D)
  Polyphemus (D)
  Gastronok (D)
  4 death cobs (D)
  2 shadow dragons (D)
  2 tentacled starspawn (D)
  3 azure jellies (D)
  8 greater nagas (D)
  A fire giant (D)
  2 ghost moths (D)
  7 frost giants (D)
  2 ghouls (D)
  Aizul (D)
  6 reapers (D)
  A very ugly thing (D)
  6 stone giants (D)
  4 vampire knights (D)
  Azrael (D)
  A green draconian (D)
  2 black draconians (D)
  2 red draconians (D)
  2 yellow draconians (D)
  A deep elf annihilator (D)
  5 purple draconians (D)
  A white draconian (D)
  4 death oozes (D)
  A spark wasp (shapeshifter) (D)
  A mottled draconian (D)
  4 ettins (D)
  4 merfolk javelineers (D)
  4 merfolk impalers (D)
  3 great orbs of eyes (D)
  2 vault guards (D)
  6 naga warriors (D)
  An ice dragon (D)
  4 merfolk aquamancers (D)
  An ogre mage (D)
  4 anacondas (D)
  A merfolk avatar (D)
  4 dancing weapons (D)
  An orc high priest (D)
  2 vampire magi (D)
  7 soul eaters (D)
  2 deep elf knights (D)
  An unseen horror (shapeshifter) (D)
  2 skeletal warriors (D)
  2 giant orange brains (D)
  2 sea snakes (D)
  2 starcursed masses (D)
  A wizard (D)
  Pikel (D)
  8 hill giants (D)
  2 deep elf magi (D)
  A griffon (D)
  An ironbrand convoker (D)
  An orb spider (shapeshifter) (D)
  2 necromancers (D)
  A wolf spider (D)
  7 moths of wrath (D)
  3 ugly things (D)
  4 cyclopes (D)
  2 sixfirhies (D)
  2 toenail golems (D)
  A salamander (shapeshifter) (D)
  A siren (D)
  A black mamba (D)
  4 eyes of devastation (D)
  2 smoke demons (D)
  A water nymph (shapeshifter) (D)
  6 guardian serpents (D)
  A vault sentinel (D)
  A naga mage (D)
  A water nymph (D)
  A rust devil (D)
  A yaktaur (shapeshifter) (D)
  A rime drake (shapeshifter) (D)
  2 yaktaurs (D)
  2 tormentors (D)
  2 freezing wraiths (D)
  2 merfolk (D)
  2 trolls (D)
  A red devil (D)
  2 ancient zymes (D)
  3 ice devils (D)
  3 wind drakes (D)
  2 two-headed ogres (D)
  21 slime creatures (D)
  Prince Ribbit (D)
  A merfolk (shapeshifter) (D)
  3 raiju (D)
  3 snapping turtles (D)
  Sigmund (D)
  5 shadows (D)
  2 spriggans (D)
  A fire bat (D)
  A basilisk (shapeshifter) (D)
  3 small abominations (D)
  A wraith (D)
  A yak (D)
  A chaos spawn (D)
  A water elemental (D)
  3 golden eyes (D)
  2 neqoxecs (D)
  A hungry ghost (D)
  A naga (shapeshifter) (D)
  Edmund (D)
  A naga (D)
  A large abomination (D)
  2 hell hounds (D)
  7 water moccasins (D)
  3 giant eyeballs (D)
  3 black bears (D)
  2 necrophages (D)
  A wasp (D)
  4 wolves (D)
  3 eyes of draining (D)
  A big kobold (shapeshifter) (D)
  A giant frog (D)
  An earth elemental (D)
  12 wights (D)
  3 jellies (D)
  4 iron imps (D)
  An iguana (D)
  2 sheep (D)
  A river rat (D)
  2 adders (D)
  2 ufetubi (D)
  An ooze (D)
  A spectral adder (D)
  3 adder zombies (D)
  3 adder skeletons (D)
  3 spectral bats (D)
  3 ball pythons (D)
  2 bat skeletons (D)
  5 bat zombies (D)
  A ball python skeleton (D)
  A ball python zombie (D)
  A giant cockroach zombie (D)
  A giant gecko skeleton (D)
  A jackal skeleton (D)
  A jackal zombie (D)
  A spectral giant cockroach (D)
382 creatures vanquished.

Vanquished Creatures (others)
  An Orb Guardian (D)
  A titan (D)
  A draconian knight (D)
  A green draconian (D)
  2 black draconians (D)
  2 spatial maelstroms (D)
  2 cyclopes (D)
  2 starspawn tentacles (D)
  15 starspawn tentacle segments (D)
27 creatures vanquished.

Grand Total: 409 creatures vanquished

Notes
Turn   | Place    | Note
-------+----------+-------------------------------------------
     0 | D        | Kidiri the Naga Fighter began the quest for the Orb.
     0 | D        | Reached XP level 1. HP: 21/21 MP: 1/1
     0 | D        | Found a shimmering altar of Xom.
     0 | D        | Banished a spatial maelstrom
     1 | D        | Found a blossoming altar of Fedhas.
     1 | D        | Found a viscous altar of Jiyva.
     1 | D        | Found a snail-covered altar of Cheibriados.
     1 | D        | Found a roughly hewn altar of Beogh.
     1 | D        | Found a corrupted altar of Lugonu.
     1 | D        | Found a white marble altar of Elyvilon.
     3 | D        | Found a deep blue altar of Sif Muna.
     3 | D        | Found a burning altar of Makhleb.
     3 | D        | Found a bloodstained altar of Trog.
     3 | D        | Found an iron altar of Okawaru.
     3 | D        | Found a sparkling altar of Nemelex Xobeh.
     3 | D        | Found a radiant altar of Vehumet.
    14 | D        | Banished a spatial maelstrom
    46 | D        | Became a worshipper of Cheibriados the Contemplative
    70 | D        | Got the cursed +1 plate armour of the Falcon {Str+4}
   130 | D        | Reached skill level 1 in Dodging
   130 | D        | Reached XP level 2. HP: 31/31 MP: 1/3
   153 | D        | Entered arena 1.
   153 | D        | Noticed a toenail golem
   153 | D        | Noticed a toenail golem
   166 | D        | Killed a toenail golem
   166 | D        | Reached skill level 5 in Armour
   166 | D        | Reached skill level 5 in Shields
   166 | D        | Reached XP level 3. HP: 42/43 MP: 3/6
   166 | D        | Reached XP level 4. HP: 50/51 MP: 3/7
   166 | D        | Reached XP level 5. HP: 56/57 MP: 3/8
   166 | D        | Reached XP level 6. HP: 65/66 MP: 3/9
   174 | D        | Killed a toenail golem
   174 | D        | Reached skill level 5 in Invocations
   174 | D        | Reached XP level 7. HP: 73/73 MP: 3/11
   244 | D        | Entered arena 2.
   249 | D        | Reached * piety under Cheibriados
   250 | D        | Reached ** piety under Cheibriados
   350 | D        | Entered arena 3.
   350 | D        | Noticed a yak
   360 | D        | Reached *** piety under Cheibriados
   368 | D        | Killed a yak
   368 | D        | Reached XP level 8. HP: 82/82 MP: 12/12
   372 | D        | Reached **** piety under Cheibriados
   443 | D        | Entered arena 4.
   443 | D        | Noticed a rime drake
   444 | D        | Killed a rime drake
   445 | D        | Reached skill level 5 in Dodging
   457 | D        | Gained mutation: You have a pair of small horns on your head. [mutagenic meat]
   460 | D        | Gained mutation: Your mind is acute. (Int +2) [mutagenic meat]
   463 | D        | Lost mutation: Your mind is acute. (Int +2) [mutagenic meat]
   466 | D        | Gained mutation: You evolve. [mutagenic meat]
   469 | D        | Gained mutation: Your magical capacity is low. (-10% MP) [mutagenic meat]
   472 | D        | Gained mutation: You are partially covered in large bone plates. (AC +2, SH +2) [mutagenic meat]
   475 | D        | Gained mutation: You are frail. (-10% HP) [mutagenic meat]
   507 | D        | Entered arena 5.
   507 | D        | Noticed a deep elf knight
   507 | D        | Noticed a deep elf mage
   507 | D        | Noticed a war axe of freezing
   507 | D        | Noticed a vampiric glaive
   509 | D        | Killed a war axe of freezing
   509 | D        | Reached XP level 9. HP: 83/83 MP: 11/12
   510 | D        | Killed a vampiric glaive
   510 | D        | Reached skill level 10 in Fighting
   510 | D        | Reached skill level 10 in Polearms
   510 | D        | Killed a deep elf mage
   510 | D        | Killed a deep elf knight
   510 | D        | Reached ***** piety under Cheibriados
   510 | D        | Reached XP level 10. HP: 92/92 MP: 6/14
   599 | D        | Entered arena 6.
   599 | D        | Noticed a hill giant
   599 | D        | Noticed a cyclops
   601 | D        | Reached skill level 1 in Evocations
   603 | D        | Killed a hill giant
   603 | D        | Killed a cyclops
   621 | D        | Got the amulet of Dishonesty {Spirit rPois MR+}
   659 | D        | Entered arena 7.
   659 | D        | Noticed a deep elf mage
   659 | D        | Noticed an orc high priest
   659 | D        | Noticed a deep elf annihilator
   659 | D        | Noticed a deep elf knight
   659 | D        | Noticed a vampiric battleaxe
   659 | D        | Noticed a war axe of chopping
   660 | D        | Killed a vampiric battleaxe
   660 | D        | Reached skill level 10 in Armour
   660 | D        | Reached skill level 10 in Shields
   660 | D        | Killed a war axe of chopping
   660 | D        | Reached XP level 11. HP: 68/102 MP: 14/16
   661 | D        | Killed a deep elf mage
   661 | D        | Killed a deep elf knight
   662 | D        | Killed a deep elf annihilator
   665 | D        | Killed an orc high priest
   665 | D        | Reached ****** piety under Cheibriados
   763 | D        | Entered arena 8.
   882 | D        | Gained mutation: You are resistant to electric shocks. (rElec) [evolution]
   883 | D        | Entered arena 9.
   883 | D        | Noticed a spriggan rider
   884 | D        | Reached skill level 10 in Invocations
   884 | D        | Reached skill level 5 in Evocations
   976 | D        | Entered arena 10.
   976 | D        | Noticed a wizard
   976 | D        | Noticed an ironbrand convoker
   976 | D        | Noticed a vault guard
   976 | D        | Noticed an ogre mage
   976 | D        | Noticed a vault guard
   976 | D        | Noticed a wolf spider
   978 | D        | Killed a wolf spider
   978 | D        | Killed an ironbrand convoker
   978 | D        | Killed a wizard
   978 | D        | Reached XP level 12. HP: 113/113 MP: 11/17
   979 | D        | Killed a vault guard
   979 | D        | Killed an ogre mage
   979 | D        | Killed a vault guard
  1002 | D        | Got the ring of Lugonu's Displeasure {rF+ rN+ Int+3}
  1055 | D        | Entered arena 11.
  1110 | D        | Entered arena 12.
  1110 | D        | Noticed Edmund
  1110 | D        | Noticed Polyphemus
  1110 | D        | Noticed Prince Ribbit
  1111 | D        | Noticed Gastronok
  1111 | D        | Noticed Aizul
  1111 | D        | Noticed Azrael
  1111 | D        | Noticed Sigmund
  1111 | D        | Killed Prince Ribbit
  1111 | D        | Killed Edmund
  1111 | D        | Killed Sigmund
  1111 | D        | Noticed Saint Roka
  1113 | D        | Noticed Pikel
  1113 | D        | Killed Aizul
  1115 | D        | Killed Azrael
  1115 | D        | Killed Pikel
  1116 | D        | Killed Polyphemus
  1125 | D        | Killed Gastronok
  1127 | D        | Killed Saint Roka
  1127 | D        | Reached skill level 15 in Fighting
  1127 | D        | Gained mutation: You can use your snake-like lower body to constrict enemies. [Naga growth]
  1127 | D        | Reached XP level 13. HP: 39/124 MP: 5/18
  1152 | D        | Lost mutation: You are frail. (-10% HP) [mutagenic meat]
  1155 | D        | Gained mutation: Your tail ends in a poisonous barb. [mutagenic meat]
  1158 | D        | Gained mutation: Your body sometimes deteriorates upon taking damage. [mutagenic meat]
  1164 | D        | Gained mutation: You are agile. (Dex +2) [mutagenic meat]
  1167 | D        | Gained mutation: Your mind is acute. (Int +2) [mutagenic meat]
  1484 | D        | Entered arena 13.
  1485 | D        | Noticed a merfolk impaler
  1485 | D        | Noticed a merfolk javelineer
  1485 | D        | Noticed a merfolk impaler
  1485 | D        | Noticed a merfolk impaler
  1488 | D        | Reached skill level 15 in Polearms
  1489 | D        | Killed a merfolk impaler
  1489 | D        | Killed a merfolk javelineer
  1489 | D        | Killed a merfolk impaler
  1490 | D        | Killed a merfolk impaler
  1552 | D        | Got the +5 halberd of Afuthruts {drain, +Fly Str+9 Dex-5}
  1658 | D        | Entered arena 14.
  1659 | D        | Noticed a purple very ugly thing
  1659 | D        | Noticed a great orb of eyes
  1659 | D        | a hell hog changed into a great orb of eyes
  1660 | D        | Noticed an entropy weaver
  1660 | D        | a great orb of eyes changed into an entropy weaver
  1660 | D        | Noticed a storm dragon
  1660 | D        | an entropy weaver changed into a storm dragon
  1661 | D        | a storm dragon changed into a death yak
  1662 | D        | Reached skill level 10 in Dodging
  1663 | D        | Noticed an emperor scorpion
  1663 | D        | a death yak changed into an emperor scorpion
  1664 | D        | Killed a purple very ugly thing
  1669 | D        | Noticed an entropy weaver
  1669 | D        | an emperor scorpion changed into an entropy weaver
  1673 | D        | Noticed a spark wasp
  1673 | D        | an entropy weaver changed into a spark wasp
  1674 | D        | Killed a spark wasp
  1724 | D        | Gained mutation: You possess an exceptional clarity of mind. [mutagenic meat]
  1736 | D        | Gained mutation: Your muscles are strong. (Str +2) [mutagenic meat]
  1739 | D        | Gained mutation: You tend to lose your temper in combat. [mutagenic meat]
  1745 | D        | Lost mutation: Your magical capacity is low. (-10% MP) [mutagenic meat]
  1748 | D        | Gained mutation: You have a pair of horns on your head. [mutagenic meat]
  1763 | D        | Gained mutation: You have sharp fingernails. [mutagenic meat]
  1766 | D        | Entered arena 15.
  1766 | D        | Noticed a vampire knight
  1768 | D        | Reached XP level 14. HP: 151/151 MP: 16/22
  1769 | D        | Noticed a ghoul
  1770 | D        | Killed a vampire knight
  1776 | D        | Killed a ghoul
  1776 | D        | Reached skill level 10 in Evocations
  1782 | D        | Got the +2 buckler of Compression {rN+ Str+3 Stlth+}
  1823 | D        | Lost mutation: Your tail ends in a poisonous barb. [evolution]
  1827 | D        | Got the cursed +0 cloak of Ipazeet {MR++ Str+2 Dex+4}
  1890 | D        | Entered arena 16.
  1915 | D        | Got the amulet "Gadoal" {+Rage Str+4}
  1978 | D        | Entered arena 17.
  1978 | D        | Noticed a vampire knight
  1978 | D        | Noticed a vampire knight
  1983 | D        | Noticed a vampire knight
  1985 | D        | Killed a vampire knight
  1986 | D        | Noticed a lich
  1987 | D        | Killed a vampire knight
  1988 | D        | Noticed an ancient lich
  1990 | D        | Killed a vampire knight
  1990 | D        | Reached skill level 15 in Armour
  1990 | D        | Killed a lich
  1990 | D        | Reached skill level 15 in Shields
  1994 | D        | Killed an ancient lich
  1994 | D        | Reached XP level 15. HP: 162/163 MP: 3/23
  2096 | D        | Entered arena 18.
  2101 | D        | Noticed a ghoul
  2107 | D        | Killed a ghoul
  2122 | D        | Got the ring "Luohuaj" {rPois rF+ Int+6 Dex+2 SInv}
  2126 | D        | Got the amulet of Lorost {RegenMP +Inv Dex+4}
  2169 | D        | Entered arena 19.
  2217 | D        | Got the ring "Esepeava" {Ice rElec MR+++ Str-3 Stlth+}
  2220 | D        | Got the ring of Isomp {+Blink rElec Int-3 SInv}
  2239 | D        | Entered arena 20.
  2243 | D        | Noticed an Orb Guardian
  2243 | D        | Noticed a shadow dragon
  2243 | D        | Noticed a death cob
  2244 | D        | Noticed a tentacled monstrosity
  2244 | D        | Noticed a ghost moth
  2244 | D        | Noticed a tentacled monstrosity
  2244 | D        | Noticed a shadow dragon
  2244 | D        | Killed a death cob
  2245 | D        | Noticed a death cob
  2245 | D        | Noticed a tentacled monstrosity
  2245 | D        | Noticed a death cob
  2245 | D        | Noticed an Orb Guardian
  2245 | D        | Noticed an Orb Guardian
  2246 | D        | Noticed an Orb Guardian
  2247 | D        | Killed an Orb Guardian
  2247 | D        | Killed a death cob
  2247 | D        | Killed a death cob
  2247 | D        | Killed an Orb Guardian
  2247 | D        | Killed a ghost moth
  2248 | D        | Killed an Orb Guardian
  2248 | D        | Killed an Orb Guardian
  2249 | D        | Noticed an Orb Guardian
  2249 | D        | Killed a shadow dragon
  2249 | D        | Reached XP level 16. HP: 142/177 MP: 5/25
  2249 | D        | Killed a shadow dragon
  2249 | D        | Killed a tentacled monstrosity
  2249 | D        | Reached skill level 15 in Dodging
  2251 | D        | Killed a tentacled monstrosity
  2252 | D        | Killed a tentacled monstrosity
  2260 | D        | Killed an Orb Guardian
  2376 | D        | Entered arena 21.
  2381 | D        | Noticed Beador the pandemonium lord
  2382 | D        | Noticed Wionimub the pandemonium lord
  2384 | D        | Noticed a tentacled monstrosity
  2388 | D        | Noticed a tentacled starspawn
  2390 | D        | Noticed a tentacled starspawn
  2390 | D        | Killed Beador the pandemonium lord
  2390 | D        | Killed a tentacled monstrosity
  2390 | D        | Killed Wionimub the pandemonium lord
  2391 | D        | Killed a tentacled starspawn
  2393 | D        | Killed a tentacled starspawn
  2545 | D        | Entered arena 22.
  2552 | D        | Noticed a titan
  2552 | D        | Noticed a titan
  2552 | D        | Noticed a titan
  2555 | D        | Reached XP level 17. HP: 109/189 MP: 21/27
  2556 | D        | Killed a titan
  2556 | D        | Reached skill level 15 in Evocations
  2558 | D        | Killed a titan
  2558 | D        | Killed a titan
  2571 | D        | Got the ring "Qunuhaly" {rPois rF+ Str+4 Dex+3}
  2647 | D        | Got the cursed ring of Tifad {-Tele rElec rPois rF+++ AC-3}
  2656 | D        | Got the ring "Vuegui" {rCorr rC+ rN+ Slay+3}
  2831 | D        | Entered arena 23.
  2847 | D        | Reached XP level 18. HP: 187/205 MP: 19/30
  2919 | D        | Lost mutation: Your body sometimes deteriorates upon taking damage. [mutagenic meat]
  2922 | D        | Lost mutation: You possess an exceptional clarity of mind. [mutagenic meat]
  2925 | D        | Gained mutation: Your tail ends in a poisonous barb. [mutagenic meat]
  2928 | D        | Gained mutation: You have a pair of large horns on your head. [mutagenic meat]
  2970 | D        | Entered arena 24.
  3004 | D        | Got the ring "Cetregg" {-Tele rElec rPois rC+ Int+4}
  3007 | D        | Got the ring "Hiriryf" {Fire rElec rN+ MR-}
  3019 | D        | Got the ring of the Countless Beds {rF+ rN+ Str+3}
  3082 | D        | Entered arena 25.
  3091 | D        | Noticed an Orb Guardian
  3091 | D        | Noticed a golden dragon
  3091 | D        | Noticed an Orb Guardian
  3091 | D        | Noticed an Orb Guardian
  3091 | D        | Noticed a golden dragon
  3091 | D        | Noticed an Orb Guardian
  3091 | D        | Noticed an Orb Guardian
  3091 | D        | Noticed an Orb Guardian
  3092 | D        | Noticed an Orb Guardian
  3092 | D        | Noticed an Orb Guardian
  3092 | D        | Noticed an Orb Guardian
  3092 | D        | Noticed an Orb Guardian
  3092 | D        | Noticed an Orb Guardian
  3092 | D        | Noticed a tentacled monstrosity
  3092 | D        | Noticed an Orb Guardian
  3092 | D        | Noticed an Orb Guardian
  3093 | D        | Noticed an Orb Guardian
  3093 | D        | Noticed an Orb Guardian
  3096 | D        | Noticed an orb of fire
  3096 | D        | Noticed a golden dragon
  3097 | D        | Killed an Orb Guardian
  3097 | D        | Killed an Orb Guardian
  3097 | D        | Killed an Orb Guardian
  3097 | D        | Killed an Orb Guardian
  3097 | D        | Killed an Orb Guardian
  3097 | D        | Killed an Orb Guardian
  3097 | D        | Killed an Orb Guardian
  3097 | D        | Killed an Orb Guardian
  3097 | D        | Killed an Orb Guardian
  3097 | D        | Killed an Orb Guardian
  3097 | D        | Killed an Orb Guardian
  3097 | D        | Killed an Orb Guardian
  3097 | D        | Reached XP level 19. HP: 155/220 MP: 9/32
  3108 | D        | Killed a golden dragon
  3123 | D        | Killed an orb of fire
  3128 | D        | Mangled by an Orb Guardian

Vault maps used:
D:        sprint_v

Skill      XL: |  1  2  3  4  5  6  7  8  9 10 11 12 13 14 15 16 17 18 19 |
---------------+----------------------------------------------------------+-----
Fighting       | 4 7 8 9 10 11 13 15 16 18 19 21 23 25 | 25.9
Polearms       | 3 6 7 8 9 10 11 13 14 16 17 19 21 23 25 | 25.7
Armour         | 3 5 6 7 8 9 10 11 13 14 15 17 18 20 22 | 22.5
Dodging        | 1 3 4 5 6 7 9 10 12 14 16 18 20 21 | 21.0
Shields        | 3 5 6 7 8 9 10 11 12 14 15 17 18 20 22 | 22.5
Invocations    | 2 4 5 7 8 9 10 | 10.8
Evocations     | 3 5 8 9 11 13 14 16 18 | 18.5

Action                   |  1- 3 |  4- 6 |  7- 9 | 10-12 | 13-15 | 16-18 | 19-21 || total
-------------------------+-------+-------+-------+-------+-------+-------+-------++-------
Melee: Lance             |    13 |     8 |    30 |    28 |    59 |    26 |    28 ||   192
       Headbutt          |       |       |       |     8 |    18 |    10 |    11 ||    47
       Constrict         |       |       |       |       |    11 |     2 |     5 ||    18
       Tailslap          |       |       |       |       |     5 |       |    10 ||    15
Invok: Slouch            |       |       |     3 |    19 |    29 |    34 |     1 ||    86
 Abil: Evoke Invisibilit |       |       |       |       |     3 |     5 |       ||     8
Evoke: Wand              |       |       |       |     6 |       |       |       ||     6
  Use: Potion            |     1 |       |       |     3 |       |     5 |     2 ||    11
       Scroll            |       |       |       |       |     2 |     2 |       ||     4
 Stab: Invisible         |       |       |       |       |     3 |     3 |       ||     6
  Eat: Chunk             |       |       |     7 |     1 |    23 |     5 |       ||    36
       Royal jelly       |       |       |       |       |     4 |       |       ||     4
       Meat ration       |       |       |       |       |       |     2 |       ||     2
Armor: Gold dragon armou |     6 |       |    11 |     2 |     5 |       |       ||    24
       Plate armour      |       |       |       |       |    16 |    24 |    29 ||    69
Dodge: Dodged            |       |       |     1 |     6 |    23 |    40 |    42 ||   112
Block: Shield            |    17 |     6 |    47 |    38 |   103 |   102 |   124 ||   437
       Reflection        |       |       |       |     6 |     2 |    14 |     1 ||    23
